 Dungeon Crawl Stone Soup version 0.28.0 (webtiles) character file.

Game seed: 16170190317614229725

115 mopl the Grave Robber (level 5, -10/24 HPs)
             Began as a Vine Stalker Necromancer on Feb 14, 2022.
             Mangled by an orc priest (19 damage)
             ... on level 2 of the Dungeon.
             The game lasted 00:04:11 (2886 turns).

mopl the Grave Robber (Vine Stalker Necromancer)    Turns: 2886, Time: 00:04:11

Health: -10/24     AC:  6    Str: 13    XL:     5   Next: 0%
Magic:  0/11       EV: 12    Int: 15    God:
Gold:   103        SH:  5    Dex: 20    Spells: 6/10 levels left

rFire   + . .      SeeInvis .   b - +0 dagger
rCold   . . .      Faith    .   (no shield)
rNeg    . . .      Spirit   +   j - +3 leather armour
rPois   .          Reflect  +   (no helmet)
rElec   .          Harm     .   (no cloak)
rCorr   .          Rampage  .   (no gloves)
Will    .....                   (no boots)
Stlth   +++.......              m - amulet of reflection
HPRegen 0.88/turn               h - ring of protection from fire
MPRegen 0.12/turn               i - +6 ring of dexterity

@: no status effects
A: fangs 2, regeneration 1, magic shield, antimagic bite, no potion heal 2
a: no special abilities


You were on level 2 of the Dungeon.
You visited 1 branch of the dungeon, and saw 3 of its levels.

You collected 103 gold pieces.

Inventory:

Hand Weapons
 b - a +0 dagger (weapon)
 s - a +0 rapier
Missiles
 l - 2 atropa-tipped darts
 r - 5 silver boomerangs
Armour
 a - a +0 robe
 d - a +0 ring mail
 j - a +3 leather armour (worn)
Jewellery
 h - a ring of protection from fire (left hand)
 i - a +6 ring of dexterity (right hand)
 m - an amulet of reflection (around neck)
Scrolls
 f - a scroll of amnesia {unknown}
 g - 2 scrolls of immolation
 k - a scroll of teleportation {unknown}
 n - a scroll of blinking {unknown}
 o - 2 scrolls of identify {unknown}
 p - a scroll of vulnerability {unknown}
Potions
 c - a potion of berserk rage {unknown}
 e - a potion of resistance {unknown}
 q - a potion of might {unknown}


   Skills:
 - Level 1.5 Dodging
 + Level 4.2 Stealth
 + Level 3.3 Spellcasting
 + Level 4.8 Necromancy


You had 6 spell levels left.
You knew the following spells:

 Your Spells              Type           Power      Damage    Failure   Level
a - Pain                  Necr           64%        1d7       3%          1
b - Vampiric Draining     Necr           16%        2d7       11%         3

Your spell library contained the following spells:

 Spells                   Type           Power      Damage    Failure   Level
 Animate Skeleton         Necr           32%        N/A       3%          1
 Animate Dead             Necr           8%         N/A       34%         4
 Agony                    Necr           16%        N/A       67%         5
 Summon Forest            Summ/Tloc      1%         N/A       100%        5
 Summon Mana Viper        Hex/Summ       2%         N/A       100%        5
 Summon Cactus Giant      Summ           1%         N/A       100%        6


Dungeon Overview and Level Annotations

Branches:
Dungeon (3/15)

Altars:
Elyvilon
Fedhas
Ru


Innate Abilities, Weirdness & Mutations

You have extremely sharp teeth.
Your natural rate of healing is unusually fast.
When hurt, damage is shared between your health and your magic reserves.
Your bite disrupts and absorbs the magic of your enemies.
Potions cannot restore your health.


Message History

Confirm with . or Enter, or press ? or * to list all spells.
Aiming: Pain (safe; 3% risk of failure)
Press: ? - help, Shift-Dir - straight line, f/p - orc priest
Aim: an orc priest, wielding a +2 whip of electrocution and wearing a +0 leather armour (chance to affect: 73%)
The orc priest writhes in agony.
The orc priest closely misses you.
Unknown command.
Casting: Pain (safe; 3% risk of failure)
Confirm with . or Enter, or press ? or * to list all spells.
Aiming: Pain (safe; 3% risk of failure)
Press: ? - help, Shift-Dir - straight line, f/p - orc priest
Aim: an orc priest, wielding a +2 whip of electrocution and wearing a +0 leather armour (lightly wounded, chance to affect: 73%)
The orc priest struggles to resist.
The orc priest hits you with a +2 whip of electrocution.
Unknown command.
Casting: Pain (safe; 3% risk of failure)
Confirm with . or Enter, or press ? or * to list all spells.
Aiming: Pain (safe; 3% risk of failure)
Press: ? - help, Shift-Dir - straight line, f/p - orc priest
Aim: an orc priest, wielding a +2 whip of electrocution and wearing a +0 leather armour (lightly wounded, chance to affect: 73%)
The orc priest struggles to resist.
The orc priest hits you but does no damage.
You are electrocuted!
Casting: Pain (safe; 3% risk of failure)
Confirm with . or Enter, or press ? or * to list all spells.
Aiming: Pain (safe; 3% risk of failure)
Press: ? - help, Shift-Dir - straight line, f/p - orc priest
Aim: an orc priest, wielding a +2 whip of electrocution and wearing a +0 leather armour (lightly wounded, chance to affect: 73%)
The orc priest struggles to resist.
The orc priest mumbles some strange prayers to Beogh against you.
You struggle to resist.
Casting: Pain (safe; 3% risk of failure)
Confirm with . or Enter, or press ? or * to list all spells.
Aiming: Pain (safe; 3% risk of failure)
Press: ? - help, Shift-Dir - straight line, f/p - orc priest
Aim: an orc priest, wielding a +2 whip of electrocution and wearing a +0 leather armour (lightly wounded, chance to affect: 73%)
The orc priest writhes in agony.
The orc priest hits you with a +2 whip of electrocution.
You are electrocuted!!
Ouch! That really hurt!
You die...

#####################
...............o@...#
#.##############.####
#.# #.# #.# #.# #.#
#.# #.########### #.#
...##.......####.#
............'....#
....#.......######


You could see an orc priest.

Vanquished Creatures
  4 gnolls
  2 adders (D:2)
  2 dart slugs
  4 orcs
  4 ball pythons
  4 endoplasms
  A giant cockroach (D:1)
  5 goblins
  6 hobgoblins
  3 kobolds
  A quokka (D:2)
  4 bats
  5 frilled lizards
  5 rats
50 creatures vanquished.

Notes
Turn   | Place    | Note
-------+----------+-------------------------------------------
     0 | D:1      | mopl the Vine Stalker Necromancer began the quest for the
                  | Orb.
     0 | D:1      | Reached XP level 1. HP: 9/9 MP: 4/4
   177 | D:1      | Reached XP level 2. HP: 13/13 MP: 6/6
   433 | D:1      | Reached skill level 3 in Stealth
   918 | D:2      | You fall into a shaft and drop 1 floor!
  1127 | D:3      | Found a blossoming altar of Fedhas.
  1133 | D:3      | Reached XP level 3. HP: 15/16 MP: 8/8
  1272 | D:3      | Learned a level 3 spell: Vampiric Draining
  1634 | D:2      | Found a sacrificial altar of Ru.
  1913 | D:1      | Reached skill level 3 in Spellcasting
  1913 | D:1      | Gained mutation: Your natural rate of healing is unusually
                  | fast. [Vine Stalker growth]
  1913 | D:1      | Reached XP level 4. HP: 4/21 MP: 0/9
  2309 | D:2      | Reached skill level 4 in Stealth
  2425 | D:2      | Found a faded altar of an unknown god.
  2469 | D:2      | Prayed at the altar of an unknown god.
  2469 | D:2      | Became a worshipper of Elyvilon the Healer
  2469 | D:2      | Reached * piety under Elyvilon
  2470 | D:2      | Fell from the grace of Elyvilon
  2822 | D:2      | Reached XP level 5. HP: 20/24 MP: 4/11
  2886 | D:2      | Mangled by an orc priest

Illustrated notes

Levels and vault maps discovered:
D:1:      dpeg_arrival_more_subterranean_lakeside_camping, layout_basic
D:2:      layout_basic, basic_altar, hellmonk_ecumenical_altar_blasted
D:3:      minmay_evil_eye, layout_basic, mainiacjoe_overflow_24_doors,
          nicolae_overflow_crystal_walls, general_overflow_altar,
          uniq_crazy_yiuf_cottage, uniq_jessica, uniq_grinder

Skill      XL: |  1  2  3  4 |
---------------+-------------+-----
Stealth        | 3 4 |  4.2
Spellcasting   | 3 |  3.3
Dodging        | |  1.5
Necromancy     | |  4.8

Action                   |  1- 3 |  4- 6 || total
-------------------------+-------+-------++-------
Melee: Dagger            |    59 |    80 ||   139
       Bite              |    15 |    30 ||    45
       Unarmed           |     1 |       ||     1
       Punch             |     1 |     3 ||     4
 Cast: Pain              |    13 |    13 ||    26
Invok: Renounce Religion |       |     1 ||     1
 Stab: Sleeping          |     6 |     4 ||    10
Armor: Robe              |     5 |       ||     5
       Leather armour    |    13 |    20 ||    33
Dodge: Dodged            |    23 |    41 ||    64
Block: Other             |     1 |    14 ||    15
